 Dungeon Crawl Stone Soup version 0.27.0-1-g7a089689b8 (webtiles) character file.

Game seed: 9879652318365285223

180 Kinoniko the Chopper (level 5, -6/45 HPs)
             Began as a Hill Orc Fighter on Aug 6, 2021.
             Killed from afar by Ijyb (9 damage)
             ... with a bolt of acid
             ... on level 4 of the Dungeon.
             The game lasted 00:02:46 (3582 turns).

Kinoniko the Chopper (Hill Orc Fighter)             Turns: 3582, Time: 00:02:46

Health: -6/45      AC:  2    Str: 20    XL:     5   Next: 60%
Magic:  5/5        EV:  7    Int:  8    God:
Gold:   164        SH: 14    Dex: 10    Spells: 4/4 levels left

rFire    . . .     SeeInvis .   a - +0 war axe
rCold    . . .     Faith    .   c - +0 kite shield
rNeg     . . .     Spirit   .   b - +0 scale mail
rPois    .         Reflect  +   (no helmet)
rElec    .         Harm     .   (no cloak)
rCorr    .         Rampage  .   (no gloves)
Will     .....                  (no boots)
Stlth    ..........             g - amulet of reflection
HPRegen  0.15/turn              (no ring)
MPRegen  0.09/turn              (no ring)

@: corroded, hasted, very quick
A: no striking features
a: no special abilities


You were on level 4 of the Dungeon.
You visited 1 branch of the dungeon, and saw 4 of its levels.

You collected 164 gold pieces.

Inventory:

Hand Weapons
 a - a +0 war axe (weapon)
Armour
 b - a +0 scale mail (worn)
 c - a +0 kite shield (worn)
 q - a +0 tower shield
Jewellery
 g - an amulet of reflection (around neck)
 h - a ring of fire
 n - a ring of fire
Scrolls
 e - a scroll of fear {unknown}
 i - a scroll of magic mapping {unknown}
 j - 5 scrolls of identify {unknown}
 k - 2 scrolls of enchant armour {unknown}
 o - a scroll of teleportation {unknown}
 p - a scroll of vulnerability {unknown}
Potions
 d - a potion of might
 f - a potion of haste
 l - a potion of flight {unknown}
 m - a potion of lignification {unknown}


   Skills:
 - Level 3.6 Fighting
 * Level 6.3 Axes
 - Level 3.2 Armour
 + Level 4.6 Shields


You had 4 spell levels left.
You didn't know any spells.
Your spell library contained the following spells:

 Spells                   Type           Power      Damage    Failure   Level
 Gell's Gravitas          Tloc           0%         N/A       100%        3
 Teleport Other           Tloc           0%         N/A       100%        3
 Dispersal                Tloc           0%         N/A       100%        6


Dungeon Overview and Level Annotations

Branches:
Dungeon (4/15)
 Temple: D:4-7

Altars:
Ashenzari
Elyvilon

Shops:
D:2 (

Annotations:
D:3 3 runed translucent doors, FIQ's ghost, amateur GnMo
D:4 Ijyb


Message History

You climb downwards.
Found 8 stones.
There is a stone staircase leading up here.
You open the door.
Found 21 stones.
There is an open door here.
There is an open door here.
You open the door.
There is an open door here.
A hobgoblin comes into view.
Found 13 gold pieces.
You slash the hobgoblin!
You kill the hobgoblin!
No target in view!
No target in view!
No target in view!
No target in view!
No target in view!
No target in view!
No target in view!
No target in view!
No target in view!
No target in view!
No target in view!
No target in view!
Found a leather armour.
Ijyb the Twisted Goblin comes into view.
She is wielding a +0 club and carrying a wand of acid (10).
Ijyb shouts!
You see here 13 gold pieces.
Ijyb is nearby!
You now have 164 gold pieces (gained 13).
Ijyb zaps a wand.
The bolt of acid hits you!
You are splashed with acid!
Ijyb zaps a wand.
The bolt of acid hits you! The acid corrodes you!
You are splashed with acid!
* * * LOW HITPOINT WARNING * * *
You are too injured to fight recklessly!
You are too injured to fight recklessly!
It was a potion of haste.
You feel yourself speed up.
Ijyb zaps a wand.
The bolt of acid hits you!
You die...

###.########........
#...........#####+#
##########.†......#
#.......# #.......#
#.......# #.......#
#.......# #...@...#
#...g...#
#.........#
#.....[...#
#.........#
#.........#
######....# ....#


You could see Ijyb.

Vanquished Creatures
  Jessica (D:3)
  4 gnolls (D:3)
  2 adders
  4 worms
  A dart slug (D:3)
  2 orcs (D:3)
  5 bats
  7 endoplasms
  2 giant cockroaches (D:3)
  5 goblins
  2 hobgoblins
  15 jackals
  2 quokkas
  10 ball pythons
  4 frilled lizards (D:1)
  6 kobolds
  5 rats
77 creatures vanquished.

Vanquished Creatures (others)
  2 fungi (D:3)
  2 plants (D:3)
4 creatures vanquished.

Grand Total: 81 creatures vanquished

Notes
Turn   | Place    | Note
-------+----------+-------------------------------------------
     0 | D:1      | Kinoniko the Hill Orc Fighter began the quest for the Orb.
     0 | D:1      | Reached XP level 1. HP: 19/19 MP: 1/1
    63 | D:1      | Reached skill level 3 in Axes
    79 | D:1      | Reached XP level 2. HP: 4/26 MP: 2/2
   829 | D:1      | Reached skill level 4 in Axes
   936 | D:1      | Reached XP level 3. HP: 31/31 MP: 3/3
  1760 | D:2      | Reached XP level 4. HP: 39/39 MP: 4/4
  1889 | D:2      | Found Lugroj's Weapon Shoppe.
  1960 | D:2      | Reached skill level 5 in Axes
  2403 | D:3      | Reached XP level 5. HP: 16/45 MP: 5/5
  2787 | D:3      | Noticed Jessica
  2799 | D:3      | Killed Jessica
  2800 | D:3      | Reached skill level 6 in Axes
  2927 | D:3      | Found a broken altar of Ashenzari.
  3256 | D:3      | Found a runed translucent gate.
  3256 | D:3      | Found a runed translucent gate.
  3256 | D:3      | Found a runed translucent gate.
  3257 | D:3      | Noticed a kobold brigand
  3258 | D:3      | Noticed FIQ's ghost (amateur GnMo)
  3467 | D:3      | Found a white marble altar of Elyvilon.
  3577 | D:4      | Noticed Ijyb
  3582 | D:4      | Killed from afar by Ijyb

Illustrated notes

Levels and vault maps discovered:
D:1:      scummos_arrival_simple_fountains, layout_basic, minmay_pentomino_q2
D:2:      minmay_recursive_quarters, layout_basic, serial_shops,
          nicolae_shop_trees
D:3:      layout_basic, nicolae_overflow_crystal_walls, ashenzari_altar_1,
          gammafunk_ghost_nasty_kobolds, uniq_jessica
D:4:      layout_basic, hangedman_ru_absence, minmay_temple_entry_statues,
          uniq_ijyb

Skill      XL: |  1  2  3  4  5 |
---------------+----------------+-----
Axes           | 3 4 5 6 |  6.3
Shields        | 4 |  4.6
Fighting       | |  3.6
Armour         | |  3.2

Action                   |  1- 3 |  4- 6 || total
-------------------------+-------+-------++-------
Melee: War axe           |   114 |   100 ||   214
  Use: Potion            |       |     1 ||     1
Armor: Scale mail        |    62 |    34 ||    96
Dodge: Dodged            |    38 |    20 ||    58
Block: Kite shield       |    59 |    64 ||   123
       Reflection        |       |     1 ||     1
